 Dungeon Crawl Stone Soup version 0.30.0-20-g3615ddf2f0 (webtiles) character file.

Game seed: 16753592903136048683

233 qw the Chopper (level 6, -3/38 HPs)
             Began as a Gargoyle Fighter on May 30, 2023.
             Killed from afar by an orc wizard (6 damage)
             ... with a magic dart
             ... on level 4 of the Dungeon.
             The game lasted 00:01:34 (2988 turns).

qw the Chopper (Gargoyle Fighter)                   Turns: 2988, Time: 00:01:35

Health: -3/38      AC: 16    Str: 21    XL:     6   Next: 4%
Magic:  6/6        EV:  7    Int:  9    God:
Gold:   89         SH:  9    Dex:  9    Spells: 5/5 levels left

rFire   . . .        Y - +0 war axe
rCold   . . .        c - +0 buckler
rNeg    + . .        e - +0 chain mail
rPois   inf          a - +1 helmet
rElec   +            (no cloak)
rCorr   .            (no gloves)
SInv    .            j - +0 pair of boots
Will    .....        n - amulet of reflection Stlth
                     (no ring)
HPRegen 0.26/turn    (no ring)
MPRegen 0.10/turn

%: reflection
@: no status effects
A: sickness immunity, AC +4, negative energy resistance 1, electricity
resistance, torment resistance 1, petrification resistance
a: no special abilities


You were on level 4 of the Dungeon.
You visited 1 branch of the dungeon, and saw 4 of its levels.

You collected 89 gold pieces.


Innate Abilities, Weirdness & Mutations

You are immune to sickness and miasma.
Your stone body is resilient. (AC +4)
You are immune to poison.
You resist negative energy. (rN+)
You are resistant to electric shocks. (rElec)
You are resistant to unholy torment.
You are immune to petrification.


   Skills:
 - Level 4.0 Fighting
 + Level 5.2 Axes
 - Level 3.2 Armour
 - Level 0.1 Dodging
 - Level 3.2 Shields


You had 5 spell levels left.
You didn't know any spells.
Your spell library was empty.

Inventory:

Hand Weapons
 h - a +0 flail
 Y - a +0 war axe (weapon)
Armour
 a - a +1 helmet (worn)
 c - a +0 buckler (worn)
 e - a +0 chain mail (worn)
 j - a +0 pair of boots (worn)
Jewellery
 n - an amulet of reflection (around neck)
Potions
 d - a potion of might
 f - a potion of curing {unknown}
 k - a potion of lignification
 l - a potion of mutation {unknown}

Dungeon Overview and Level Annotations

Branches:
Dungeon (4/15)
 Temple: D:4-7

Altars:
Dithmenos


Message History

The jackal barely misses you.
The gnoll shouts!
You closely miss the orc.
The orc is moderately wounded.
You slash the jackal!
You kill the jackal!
You slash the goblin!
You kill the goblin!
The gnoll hits you from afar with a +0 halberd.
You slash the orc!
You kill the orc!
You barely miss the jackal.
The jackal bites you but does no damage.
The gnoll barely misses you. You block the orc's attack.
The jackal bites you but does no damage.
You slash the jackal!
You kill the jackal!
You hit the orc.
An iguana comes into view.
You block the orc's attack. The orc barely misses you.
The gnoll barely misses you.
The jackal bites you but does no damage.
You block the gnoll's attack. You block the orc's attack.
You block the gnoll's attack.
You slash the orc!
You kill the orc!
You closely miss the jackal.
The jackal bites you but does no damage.
The jackal closely misses you. The gnoll hits you but does no damage.
The gnoll hits you from afar with a +0 halberd.
You slash the jackal!
You kill the jackal!
The gnoll hits you but does no damage.
You hear some strange, mumbled words.
A puff of flame appears from out of thin air!
The puff of flame hits you! You block the gnoll's attack.
You hear some strange, mumbled words.
A magic dart appears from out of thin air!
The magic dart hits you.
You die...

###############
#.....)){g.....
#...... ... ..
.


You could see a worm, an iguana, 4 gnolls and an orc.

Vanquished Creatures
  9 gnolls
  3 adders
  2 dart slugs
  18 orcs
  9 endoplasms
  A giant cockroach (D:3)
  3 goblins
  8 hobgoblins
  4 jackals (D:4)
  4 quokkas
  5 ball pythons
  12 bats
  2 frilled lizards
  7 kobolds
  5 rats
92 creatures vanquished.

Notes
Turn   | Place    | Note
-------+----------+-------------------------------------------
     0 | D:1      | qw the Gargoyle Fighter began the quest for the Orb.
     0 | D:1      | Reached XP level 1. HP: 14/14 MP: 1/1
     0 | D:1      | 0 ||| qw: Version: 0.2-a-102-g2b76a06
     0 | D:1      | 0 ||| qw: Game counter: 480
     0 | D:1      | 0 ||| qw: Always use a shield: true
     0 | D:1      | 0 ||| qw: God list: Okawaru
     0 | D:1      | 0 ||| qw: Allow faded altars: false
     0 | D:1      | 0 ||| qw: Do Orc after D:15 true
     0 | D:1      | 0 ||| qw: Do second Lair branch before Depths: true
     0 | D:1      | 0 ||| qw: Lair rune preference: random
     0 | D:1      | 0 ||| qw: Plans: Normal, Zot:1-4, Slime:5, God:TSO, Crypt,
                  | Tomb, Pan, Hells, Abyss, Win
     0 | D:1      | 0 ||| PLANNING D:1-11
    12 | D:1      | Reached skill level 2 in Axes
    28 | D:1      | 28 ||| Stepping ~*~*~tactically~*~*~ (stealth).
    38 | D:1      | 38 ||| Stepping ~*~*~tactically~*~*~ (stealth).
    81 | D:1      | Reached XP level 2. HP: 19/19 MP: 2/2
   158 | D:1      | Found a faded altar of an unknown god.
   263 | D:1      | Reached skill level 3 in Axes
   307 | D:1      | Reached XP level 3. HP: 23/23 MP: 3/3
   545 | D:1      | 545 ||| DROPPING +0 club.
   946 | D:1      | 946 ||| UPGRADING to +0 pair of boots.
   951 | D:1      | 951 ||| READING scroll labelled LUXKEA ERAYDGH.
   952 | D:1      | 952 ||| READING 2 scrolls labelled MUSILL ROTWO.
   953 | D:1      | 953 ||| READING 2 scrolls labelled APSEXAXATI.
   956 | D:1      | 956 ||| DRINKING 2 fizzy yellow potions.
   957 | D:1      | 957 ||| DROPPING scroll of poison.
   958 | D:1      | 958 ||| DROPPING potion of brilliance.
  1053 | D:2      | Reached XP level 4. HP: 28/28 MP: 4/4
  1084 | D:2      | 1084 ||| Stepping ~*~*~tactically~*~*~ (stealth).
  1086 | D:2      | 1086 ||| Stepping ~*~*~tactically~*~*~ (stealth).
  1213 | D:2      | Reached skill level 4 in Axes
  1658 | D:2      | 1658 ||| UPGRADING to +0 helmet.
  1663 | D:2      | 1663 ||| READING scroll labelled WEFO OM FUAD.
  1664 | D:2      | 1664 ||| READING 2 scrolls labelled XYZUEXAUZO.
  1665 | D:2      | 1665 ||| READING scroll of enchant armour.
  1665 | D:2      | 1665 ||| ENCHANTING +0 helmet.
  1892 | D:3      | Found a shadowy altar of Dithmenos.
  1909 | D:3      | Reached XP level 5. HP: 27/32 MP: 5/5
  2098 | D:3      | Reached skill level 5 in Axes
  2105 | D:3      | HP: 6/32 [gnoll/+0 club (4)]
  2106 | D:3      | 2106 ||| READING scroll of teleportation.
  2106 | D:3      | HP: 1/32 [gnoll/+0 club (5)]
  2330 | D:3      | 2330 ||| Stepping ~*~*~tactically~*~*~ (stealth).
  2334 | D:3      | 2334 ||| Stepping ~*~*~tactically~*~*~ (stealth).
  2335 | D:3      | 2335 ||| Stepping ~*~*~tactically~*~*~ (hiding).
  2381 | D:3      | 2381 ||| FLEEEEING.
  2418 | D:3      | 2418 ||| DROPPING +0 whip.
  2849 | D:3      | 2849 ||| UPGRADING to +0 chain mail.
  2859 | D:3      | 2859 ||| DROPPING +0 scale mail.
  2860 | D:3      | 2860 ||| DROPPING +2 scale mail of poison resistance.
  2861 | D:3      | 2861 ||| UPGRADING to amulet of reflection.
  2866 | D:3      | 2866 ||| READING scroll labelled MATIDO VEMALERR.
  2889 | D:3      | 2889 ||| DRINKING 2 glowing grey potions.
  2982 | D:4      | Reached XP level 6. HP: 27/38 MP: 6/6
  2987 | D:4      | HP: 3/38 [something/puff of flame (10)]
  2988 | D:4      | Killed from afar by an orc wizard

Levels and vault maps discovered:
D:1:      wander_arrival_peaceful_grave, layout_basic,
          dreamdust_ecumenical_altar_grove, minmay_cut_off
D:2:      layout_loops_ring, kennysheep_pointless_box,
          kennysheep_generic_room_14
D:3:      layout_loops_corners, old_standard_altar
D:4:      layout_gridville, nicolae_yredelemnul_corpse_copse,
          gammafunk_ghost_icy, grunt_ministairs_2, uniq_edmund

Skill      XL: |  1  2  3  4  5 |
---------------+----------------+-----
Axes           | 2 3 4 5 |  5.2
Fighting       | 4 |  4.0
Armour         | |  3.2
Dodging        | |  0.1
Shields        | |  3.2

Action                     |  1- 3 |  4- 6 || total
---------------------------+-------+-------++-------
  Melee: War axe           |    79 |   164 ||   243
  Throw: Boomerang         |       |    22 ||    22
    Use: Scroll            |     3 |     5 ||     8
         Potion            |     1 |     1 ||     2
 Armour: Scale mail        |    37 |    95 ||   132
         Chain mail        |       |    14 ||    14
  Dodge: Dodged            |    31 |    73 ||   104
  Block: Buckler           |    10 |    51 ||    61

Table legend:
 A = Non-vault XP
 B = Vault XP
 C = Vault XP percentage of total XP
 D = Non-vault monster count
 E = Vault monster count
 F = Vault count percentage of total count
                 A         B        C        D         E       F
            +---------+---------+-------+---------+---------+-------
      Total |     331 |       2 |   0.6 |      91 |       1 |   1.1
            +---------+---------+-------+---------+---------+-------
        D:1 |      68 |       2 |   2.9 |      30 |       1 |   3.2
        D:2 |      52 |       0 |   0.0 |      17 |       0 |   0.0
        D:3 |     180 |       0 |   0.0 |      32 |       0 |   0.0
        D:4 |      31 |       0 |   0.0 |      12 |       0 |   0.0
            +---------+---------+-------+---------+---------+-------
